 Dungeon Sprint DCSS version 0.19-a0-1932-g59670f6 (webtiles) character file.

525 poirepourri the Covert (level 7, 0/34 HPs)
             Began as a Spriggan Enchanter on Oct 25, 2016.
             Slain by a human
             ... wielding a +0 short sword
              (7 damage)
             ... in the Dungeon (Sprint III: "The Ten Rune Challenge").
             The game lasted 00:01:37 (325 turns).

poirepourri the Covert (Spriggan Enchanter)          Turns: 325, Time: 00:01:37

Health: 0/34       AC:  3    Str:  4    XL:     7   Next: 2%
Magic:  7/19       EV: 20    Int: 17    God:
Gold:   26         SH:  0    Dex: 18    Spells: 5 memorised, 10 levels left

rFire  . . .     SeeInvis +     a - +1 dagger
rCold  . . .     Gourm    .     b - +1 robe
rNeg   . . .     Faith    .     (shield restricted)
rPois  .         Spirit   .     (helmet restricted)
rElec  .         Reflect  .     (no cloak)
rCorr  .         Harm     .     (gloves unavailable)
MR     +....     NoTele   +     (boots unavailable)
Stlth  ++++++....               (no amulet)
                                (no ring)
                                (no ring)

@: very quick
A: unfitting armour, see invisible, herbivore 3, speed 3, slow metabolism 2
a: no special abilities


You were in the Dungeon.
You were not hungry.

You visited 1 branch You collected 26 gold pieces.

Inventory:

Hand Weapons
 a - a +1 dagger (weapon)
Armour
 b - a +1 robe (worn)
Scrolls
 j - a scroll of blinking
 m - a scroll of identify
 n - a scroll of remove curse
Potions
 e - 2 potions of curing
 f - a potion of heal wounds
 g - a potion of haste
 i - a potion of berserk rage
 k - 2 potions of mutation
 o - 3 potions of cure mutation
 p - 4 potions of flight
Books
 c - a book of Maledictions

   Spells                             Type                      Level
   a - Corona                         Hexes                        1
   b - Ensorcelled Hibernation        Hexes/Ice                    2
   c - Confuse                        Hexes                        3
   d - Tukima's Dance                 Hexes                        3
   e - Dazzling Spray                 Conjuration/Hexes            3
 h - a book of Cantrips

   Spells                             Type                      Level
   a - Confusing Touch                Hexes                        1
   b - Animate Skeleton               Necromancy                   1
   c - Summon Small Mammal            Summoning                    1
   d - Apportation                    Translocation                1
Comestibles
 d - 2 bread rations
 r - a royal jelly


   Skills:
 + Level 1.7 Fighting
 + Level 5.0 Short Blades
 + Level 4.6 Dodging
 + Level 13.8 Stealth
 + Level 8.0 Spellcasting
 + Level 9.3 Hexes
 + Level 3.7 Ice Magic


You had 10 spell levels left.
You knew the following spells:

 Your Spells              Type           Power        Failure   Level  Hunger
a - Corona                Hex            #####..      1%          1    None
b - Ensorcelled Hibernat  Hex/Ice        ####..       1%          2    None
c - Confuse               Hex            #####...     1%          3    #......
d - Tukima's Dance        Hex            #####...     1%          3    #......
e - Dazzling Spray        Conj/Hex       ###...       6%          3    #......


Dungeon Overview and Level Annotations

Branches:
Dungeon (1/1)

Altars:
Elyvilon
Kikubaaqudgha
Okawaru
Sif Muna
Trog
Uskayaw
Vehumet
Zin
The Shining One
Beogh


Innate Abilities, Weirdness & Mutations

You are very small and have problems with some larger weapons.
You are too small for most types of armour.
You have supernaturally acute eyesight. (SInv)
You are a herbivore.
You cover ground extremely quickly.
You need consume almost no food.


Message History

The human is heavily wounded.
You barely miss the human.
The human is heavily wounded.
You hit the human.
The human is heavily wounded.
The human is no longer blind.
The human hits you! The human hits you with a short sword.
Casting: Dazzling Spray
Confirm with . or Enter, or press ? or * to list all spells.
Aiming: Dazzling Spray
Press: ? - help, Shift-Dir - straight line, f/p - human
Aim: a human (heavily wounded, unusually strong, blind)
The spray of energy misses the human.
The spray of energy hits the human.
The human is heavily wounded.
The human hits you with a short sword!
* * * LOW HITPOINT WARNING * * *
There is an open door to the Ecumenical Temple here.
The human is no longer blind.
The human hits you with a short sword!
You die...

▓▓▓▓▓▓▓▓▓▓▓▓ ▓▓▓ <.#..'...♣.♣
♣.######### ..#..#.....♣♣
♣♣.#___#__[# #'####....♣.♣
♣..#)..#__.#
.....#....≈.♣♣♣..###'#'###+##
.....#...≈≈.♣....#.p........#
.....#..≈≈≈≈.♣♣..p.⌠........#
####'#..≈≈≈≈≈≈♣♣@#...######+#
(....#.≈≈≈≈≈≈....#.⌠.#
.†.†.#.≈≈≈≈≈.....#...#
.....#.≈≈≈.......#)###
'#####...........#..:#
.................#___#
▓▓▓▓▓▓▓▓▓▓▓▓▓▓▓▓▓▓▓▓▓▓


You could see 2 humans.

Vanquished Creatures
  A deep elf mage (D)
  A water elemental (D)
  A wizard (D)
  A human (D)
  A kobold demonologist (D)
  A wolf (D)
  2 oozes (D)
  2 rats (D)
10 creatures vanquished.

Vanquished Creatures (others)
  A draconian scorcher (D)
  6 hellions (D)
  2 plants (D)
9 creatures vanquished.

Grand Total: 19 creatures vanquished

Notes
Turn   | Place    | Note
-------+----------+-------------------------------------------
     0 | D        | poirepourri the Spriggan Enchanter began the quest for the Orb.
     0 | D        | Reached XP level 1. HP: 9/9 MP: 5/5
     5 | D        | Reached skill level 5 in Stealth
     8 | D        | Reached XP level 2. HP: 13/13 MP: 7/7
    12 | D        | Learned a level 2 spell: Ensorcelled Hibernation
    22 | D        | Reached skill level 6 in Stealth
    64 | D        | Reached skill level 7 in Stealth
    64 | D        | Reached skill level 5 in Hexes
    64 | D        | Reached XP level 3. HP: 16/16 MP: 5/9
   102 | D        | Learned a level 3 spell: Confuse
   106 | D        | Learned a level 3 spell: Tukima's Dance
   117 | D        | Reached skill level 8 in Stealth
   128 | D        | Killed a hellion
   130 | D        | Killed a hellion
   173 | D        | Noticed a water elemental
   178 | D        | Killed a water elemental
   178 | D        | Reached skill level 10 in Stealth
   178 | D        | Reached skill level 1 in Ice Magic
   178 | D        | Reached XP level 4. HP: 21/21 MP: 9/11
   180 | D        | Killed a hellion
   199 | D        | Learned a level 3 spell: Dazzling Spray
   200 | D        | Found a radiant altar of Vehumet.
   200 | D        | Found a deep blue altar of Sif Muna.
   200 | D        | Found an ancient bone altar of Kikubaaqudgha.
   200 | D        | Noticed a wizard
   203 | D        | Killed a wizard
   215 | D        | Reached skill level 11 in Stealth
   215 | D        | Reached skill level 5 in Spellcasting
   215 | D        | Reached XP level 5. HP: 25/25 MP: 3/13
   230 | D        | Killed a hellion
   234 | D        | Killed a hellion
   256 | D        | Killed a white draconian scorcher
   298 | D        | Found a glowing silver altar of Zin.
   298 | D        | Found a glowing golden altar of the Shining One.
   298 | D        | Found a white marble altar of Elyvilon.
   299 | D        | Noticed a deep elf mage
   301 | D        | Killed a deep elf mage
   301 | D        | Reached skill level 1 in Fighting
   301 | D        | Reached skill level 5 in Short Blades
   301 | D        | Reached skill level 13 in Stealth
   301 | D        | Reached XP level 6. HP: 30/30 MP: 14/18
   301 | D        | Reached XP level 7. HP: 34/34 MP: 14/19
   308 | D        | Found a hide-covered altar of Uskayaw.
   308 | D        | Found a roughly hewn altar of Beogh.
   308 | D        | Found an iron altar of Okawaru.
   308 | D        | Found a bloodstained altar of Trog.
   308 | D        | Noticed a human
   309 | D        | Noticed a human
   318 | D        | Killed a hellion
   325 | D        | Slain by a human

Vault maps used:
D:        dungeon_sprint_mu

Skill      XL: |  1  2  3  4  5 |
---------------+----------------+-----
Stealth        | 5 7 10 11 13 | 13.8
Spellcasting   | 3 4 5 8 |  8.0
Hexes          | 4 5 6 9 |  9.3
Short Blades   | 2 3 5 |  5.0
Dodging        | 4 |  4.6
Ice Magic      | 1 3 |  3.7
Fighting       | 1 |  1.7

Action                   |  1- 3 |  4- 6 |  7- 9 || total
-------------------------+-------+-------+-------++-------
Melee: Dagger            |     8 |     5 |     6 ||    19
 Cast: Ensorcelled Hiber |     6 |     4 |       ||    10
       Confuse           |       |     4 |       ||     4
       Dazzling Spray    |       |       |     3 ||     3
  Use: Potion            |     1 |     1 |       ||     2
       Scroll            |     4 |       |       ||     4
 Stab: Sleeping          |     8 |     2 |       ||    10
       Confused          |       |     1 |       ||     1
Armor: Robe              |       |     1 |       ||     1
Dodge: Dodged            |     2 |     5 |     1 ||     8
